 Seeded DCSS version 0.28-a0-1117-g0bdd5ba030 (webtiles) character file.

Game seed: 16008875487339432128 (custom seed)

10262 croobank the Spear-Bearer (level 11, -15/61 HPs)
             Began as an Octopode Conjurer on Dec 11, 2021.
             Was a High Priest of Wu Jian.
             Shot with an arrow by a centaur warrior (26 damage)
             ... on level 10 of the Dungeon.
             The game lasted 01:46:57 (14320 turns).

croobank the Spear-Bearer (Octopode Conjurer)      Turns: 14320, Time: 01:46:58

Health: -15/61     AC:  1    Str: 12    XL:     11   Next: 59%
Magic:  1/15       EV: 15    Int: 30    God:    Wu Jian [*****.]
Gold:   753        SH:  5    Dex: 25    Spells: 2/16 levels left

rFire   . . .      SeeInvis +   m - +5 spear "Siroguso" {protect, Fragile Fly Dex+7 Stlth+}
rCold   . . .      Faith    .   (no shield)
rNeg    . . .      Spirit   .   (helmet restricted)
rPois   +          Reflect  +   e - amulet of reflection
rElec   .          Harm     .   a - ring of see invisible
rCorr   .          Rampage  .   d - +6 ring of intelligence
Will    .....                   C - ring of poison resistance
Stlth   +++++.....              s - +6 ring of dexterity
HPRegen 0.20/turn               F - ring of flight
MPRegen 0.14/turn               G - +6 ring of strength
                                (no ring)
                                (no ring)

@: flying
A: almost no armour, amphibious, 8 rings, camouflage 1, gelatinous body 1,
(nimble swimmer 1), tentacles, tentacle spike 1, mutation resistance 1
a: Renounce Religion, Wall Jump, Serpent's Lash, Heavenly Storm


You were on level 10 of the Dungeon.
You worshipped Wu Jian.
Wu Jian was extremely pleased with you.
You visited 3 branches of the dungeon, and saw 12 of its levels.
You also visited: Ossuary.

You collected 753 gold pieces.

Inventory:

Hand Weapons
 m - the +5 spear "Siroguso" (weapon) {protect, Fragile Fly Dex+7 Stlth+}
   (You found it on level 6 of the Dungeon)

   It grants its wielder temporary protection when it strikes (+7 to AC).
   Dex:       It affects your dexterity (+7).
   Fly:       It grants you flight.
   Fragile:   It will be destroyed if unequipped.
   Stlth:     It makes you more stealthy.
 v - a +0 vorpal hunting sling
 y - a +5 scimitar of electrocution
 B - a +4 falchion
 D - a +4 scimitar of holy wrath
 J - a +0 dagger of chaos
 L - a +1 dagger of venom
 M - a +2 flail of protection
 N - a +1 long sword of holy wrath
Missiles
 f - 311 stones
 g - 61 sling bullets
 i - 23 poisoned darts
 j - 4 throwing nets
 O - 7 javelins
Magical Staves
 b - a staff of conjuration
Jewellery
 a - a ring of see invisible (left tentacle)
 d - a +6 ring of intelligence (right tentacle)
 e - an amulet of reflection (around mantle)
 s - a +6 ring of dexterity (on tentacle)
 A - the necklace of Bloodlust {*Rage Will++ Int-3 Slay+6}
   (You found it on level 7 of the Dungeon)

   [amulet of nothing]

   It extends the wearer's berserk rage when killing foes.
   Int:       It affects your intelligence (-3).
   Slay:      It affects your accuracy & damage with ranged weapons and melee
   (+6).
   *Rage:     It berserks you when you make melee attacks (+50% chance).
   Will:      It greatly increases your willpower.
 C - a ring of poison resistance (on tentacle)
 F - a ring of flight (on tentacle)
 G - a +6 ring of strength (on tentacle)
Wands
 r - a wand of flame (5)
 K - a wand of acid (6)
Scrolls
 c - 4 scrolls of identify {identify}
 h - a scroll of holy word {holy word, unknown}
 k - 4 scrolls of enchant weapon {enchant weapon, unknown}
 l - a scroll of silence (quivered)
 t - 3 scrolls of vulnerability {vulnerability}
 x - 2 scrolls of teleportation {teleport}
 I - a scroll of immolation
Potions
 n - a potion of might {might, unknown}
 o - 2 potions of resistance
 p - 3 potions of flight {flight, unknown}
 q - 3 potions of attraction {attraction, unknown}
 u - a potion of lignification {lignification, unknown}
 w - a potion of mutation {mutation}
 z - a potion of cancellation {cancellation, unknown}
 E - a potion of brilliance
 H - 2 potions of curing


   Skills:
 + Level 11.8 Polearms
 - Level 3.5 Dodging
 - Level 5.0 Stealth
 - Level 3.2 Spellcasting
 - Level 4.9 Conjurations
 + Level 6.6 Hexes
 + Level 7.1 Ice Magic
 + Level 7.0 Air Magic


You had 2 spell levels left.
You knew the following spells:

 Your Spells              Type           Power      Damage    Failure   Level
a - Magic Dart            Conj           100%       1d8       1%          1
b - Searing Ray           Conj           68%        2d6       1%          2
c - Fulminant Prism       Conj/Hex       19%        3d11      6%          4
d - Freezing Cloud        Conj/Ice/Air   21%        6-21      14%         5
e - Ensorcelled Hibernat  Hex/Ice        92%        N/A       1%          2

Your spell library contained the following spells:

 Spells                   Type           Power      Damage    Failure   Level
 Sandblast                Erth           8%         2d5       7%          1
 Passwall                 Tmut/Erth      3%         N/A       11%         2
 Confusing Touch          Hex            44%        N/A       1%          3
 Dazzling Flash           Conj/Hex       78%        N/A       1%          3
 Stone Arrow              Conj/Erth      38%        3d9       8%          3
 Iskenderun's Mystic Bla  Conj/Tloc      19%        2d6       26%         4
 Summon Mana Viper        Hex/Summ       24%        N/A       45%         5
 Summon Forest            Summ/Tloc      2%         N/A       89%         5
 Simulacrum               Ice/Necr       13%        N/A       94%         6
 Eringya's Noxious Bog    Tmut/Pois      2%         N/A       100%        6
 Summon Hydra             Summ           2%         N/A       100%        7
 Polar Vortex             Ice            23%        N/A       100%        9


Dungeon Overview and Level Annotations

Branches:
Dungeon (10/15)            Temple (0/1) D:7            Lair (1/6) D:9
    Orc (1/2) D:9         Ossuary (visited)

Altars:
Ashenzari
Okawaru
Ru
Wu Jian
The Shining One
Beogh

Annotations:
D:3 2 transporters, croobank's ghost, amateur OpCj
D:4 1 runed translucent door, ders's ghost, amateur GrEE
D:5 1 runed translucent door, GoddamnPoopooFuck's ghost, novice GrEE


Innate Abilities, Weirdness & Mutations

You cannot wear most types of armour.
You are amphibious.
You can wear up to eight rings at the same time.
Your skin changes colour to match your surroundings (Stealth+).
Your rubbery body absorbs attacks. (AC +1, EV +1)
((You are camouflaged near water. (Stealth+)))
You have tentacles for arms and can constrict up to eight enemies at once.
One of your tentacles bears a spike.
You are somewhat resistant to further mutation.


Message History

Casting: Freezing Cloud (quite dangerous; 14% risk of failure)
Confirm with . or Enter, or press ? or * to list all spells.
Okay, then.
Aiming: Corrosive Bolt
Press: ? - help, Shift-Dir - straight line, f - you
Okay, then.
That's the wrong kind of item! (Use * to select it.) Evoke which item? (* to show all) (? for menu, Esc to quit)
Okay, then.
Aiming: Throw Flame
Press: ? - help, Shift-Dir - straight line, f - vampire
Aim: a vampire (slightly transparent, 68% to hit)
You hear a sizzling sound!
Casting: Freezing Cloud (quite dangerous; 14% risk of failure)
Confirm with . or Enter, or press ? or * to list all spells.
The spell is quite dangerous to miscast (14% risk of failure)!
Continue anyway?
Aiming: Freezing Cloud (quite dangerous; 14% risk of failure)
Press: ? - help, Dir - move target, p - vampire The centaur warrior wields a +0 shortbow.
The centaur warrior shoots an arrow.
The arrow hits you!!
Okay, then.
Okay, then.
Casting: Freezing Cloud (quite dangerous; 14% risk of failure)
Confirm with . or Enter, or press ? or * to list all spells.
The spell is quite dangerous to miscast (14% risk of failure)!
Continue anyway?
Aiming: Freezing Cloud (quite dangerous; 14% risk of failure)
Press: ? - help, Dir - move target, f - centaur warrior
Aim: a centaur warrior, wielding a +0 shortbow and quivering arrows The centaur warrior is engulfed in freezing vapours.
Aiming: Corrosive Bolt
Press: ? - help, Shift-Dir - straight line, f/p - centaur warrior
Aim: a centaur warrior, wielding a +0 shortbow and quivering arrows (freezing vapour, lightly wounded, 79% to hit)
The bolt of acid hits the centaur warrior!
The centaur warrior is moderately wounded.
The centaur warrior is engulfed in freezing vapours.
The centaur warrior shoots an arrow.
The arrow hits you!!
* * * LOW HITPOINT WARNING * * *
The centaur warrior is engulfed in freezing vapours.
The centaur warrior shoots an arrow.
The arrow hits you!!
You die...

........###≈≈≈≈≈...#....
##..§§§§##≈≈≈≈≈≈...#....
..c.§§☼.§≈≈≈≈≈≈≈≈≈......
....§§§§V≈≈≈≈≈≈≈≈≈≈..†..
...#c§§§≈≈≈≈≈†≈≈≈......
.....#§§...#............
.... #§....#............
... ##...##............
c #@..#.......######
##.##.).........#
#.#....###..##.#
####.### ...# ...###
....# . #._. .....# ##
#...# ......+ # +####
###....# #. ###..#


You could see a centaur warrior and a vampire (invisible).

Vanquished Creatures
  A hydra (Lair:1)
  Urug (D:10)
  A deep elf pyromancer (D:10)
  An elephant (D:9)
  Maggie (D:8)
  Psyche (D:8)
  2 trolls (D:10)
  A hornet (D:9)
  Sigmund (D:8)
  A vampire (D:10)
  3 wyverns
  Eustachio (D:5)
  2 humans (D:8)
  7 yaks
  A basilisk (D:9)
  Edmund (D:4)
  Grum (D:8)
  4 water moccasins
  2 black bears
  6 orc warriors
  2 wolves
  A centaur (D:9)
  2 phantoms
  An elf zombie (Ossuary)
  2 gnoll sergeants
  2 kobold brigands
  4 bullfrogs
  A wyvern zombie (D:7)
  2 scorpions (D:5)
  A water moccasin skeleton (D:5)
  4 killer bees (D:9)
  4 wights (D:6)
  5 electric eels (D:10)
  9 howler monkeys
  A bullfrog zombie (D:5)
  5 centaur skeletons
  7 orc priests
  A centaur zombie (D:8)
  3 hounds (D:8)
  A gnoll shaman (D:7)
  3 iguanas
  Jessica (D:3)
  2 bullfrog skeletons
  13 orc wizards
  A hound zombie (D:5)
  A hound skeleton (D:5)
  2 mummies (Ossuary)
  A howler monkey zombie (D:5)
  8 adders
  11 gnolls
  2 worms (D:3)
  An adder skeleton (D:5)
  4 dart slugs
  36 orcs
  3 endoplasms
  A giant cockroach (D:4)
  3 gnoll zombies (Ossuary)
  5 goblins
  8 hobgoblins
  5 jackals
  3 quokkas
  8 ball pythons
  6 bats
  4 frilled lizards
  5 goblin zombies (Ossuary)
  17 kobolds
  5 orc zombies (Ossuary)
  9 rats
265 creatures vanquished.

Vanquished Creatures (others)
  8 fulminant prisms
8 creatures vanquished.

Grand Total: 273 creatures vanquished

Notes
Turn   | Place    | Note
-------+----------+-------------------------------------------
     0 | D:1      | croobank the Octopode Conjurer began the quest for the Orb.
     0 | D:1      | Reached XP level 1. HP: 11/11 MP: 3/3
   359 | D:1      | Reached XP level 2. HP: 17/17 MP: 5/5
   699 | D:1      | Noticed a shining eye
   701 | D:1      | Found a faded altar of an unknown god.
   703 | D:1      | Noticed a golden eye
   703 | D:1      | Noticed an eye of devastation
   703 | D:1      | Noticed an eye of devastation
   724 | D:1      | Prayed at the altar of an unknown god.
   724 | D:1      | Became a worshipper of the Wu Jian Council
   724 | D:1      | Reached * piety under Wu Jian
  1090 | D:2      | Reached XP level 3. HP: 19/21 MP: 6/6
  1104 | D:2      | Learned a level 2 spell: Searing Ray
  1571 | D:2      | Reached XP level 4. HP: 27/27 MP: 3/7
  1906 | D:2      | Reached ** piety under Wu Jian
  2278 | D:3      | Learned a level 4 spell: Fulminant Prism
  2325 | D:3      | Found an ornate altar of the Wu Jian Council.
  2518 | D:3      | Noticed croobank's ghost (amateur OpCj)
  2530 | D:3      | Found a transporter.
  2551 | D:3      | Found a transporter.
  2602 | D:3      | Noticed Jessica
  2607 | D:3      | Killed Jessica
  2608 | D:3      | Reached XP level 5. HP: 27/31 MP: 5/9
  2951 | D:4      | Found a sand-covered staircase.
  2961 | Ossuary  | Entered an ossuary
  3367 | Ossuary  | Reached XP level 6. HP: 28/36 MP: 1/10
  3673 | D:4      | Reached skill level 5 in Stealth
  4615 | D:5      | Entered Level 5 of the Dungeon
  4638 | D:5      | Reached skill level 1 in Polearms
  4855 | D:6      | Identified the +5 spear "Siroguso" {protect, Fragile Fly
                  | Dex+7 Stlth+}
  4925 | D:4      | Noticed Edmund
  4934 | D:4      | Killed Edmund
  4935 | D:4      | Reached skill level 3 in Polearms
  4935 | D:4      | Reached XP level 7. HP: 26/41 MP: 9/11
  5327 | D:4      | Found a runed translucent door.
  5327 | D:4      | Noticed ders's ghost (amateur GrEE)
  5392 | D:4      | Reached *** piety under Wu Jian
  5393 | D:4      | Reached skill level 4 in Polearms
  6102 | D:5      | Found a runed translucent door.
  6108 | D:5      | Noticed GoddamnPoopooFuck's ghost (novice GrEE)
  6175 | D:5      | Noticed Eustachio
  6179 | D:5      | Reached skill level 5 in Polearms
  6196 | D:5      | Killed Eustachio
  6279 | D:5      | Found a glowing golden altar of the Shining One.
  6454 | D:5      | Noticed a yak
  6466 | D:5      | Reached skill level 6 in Polearms
  6466 | D:5      | Reached XP level 8. HP: 36/46 MP: 12/12
  6688 | D:5      | Reached skill level 7 in Polearms
  6845 | D:5      | Reached skill level 8 in Polearms
  6969 | D:5      | Killed a yak
  7400 | D:6      | Reached skill level 9 in Polearms
  7601 | D:6      | Reached XP level 9. HP: 51/51 MP: 13/13
  7607 | D:6      | Learned a level 5 spell: Freezing Cloud
  8114 | D:7      | Reached skill level 1 in Ice Magic
  8114 | D:7      | Reached skill level 1 in Air Magic
  9131 | D:7      | Reached skill level 1 in Hexes
  9281 | D:7      | Found the necklace of Bloodlust {*Rage Will++ Int-3 Slay+6}
  9344 | D:7      | Got the Disquisition on Malediction
  9348 | D:7      | Learned a level 2 spell: Ensorcelled Hibernation
  9395 | D:7      | Found a staircase to the Ecumenical Temple.
  9427 | D:7      | Reached **** piety under Wu Jian
  9508 | D:7      | Reached skill level 10 in Polearms
 10285 | D:8      | Noticed Maggie
 10295 | D:8      | Killed Maggie
 10392 | D:9      | Reached XP level 10. HP: 56/56 MP: 9/14
 10994 | D:9      | Gained mutation: You are somewhat resistant to further
                  | mutation. [potion of mutation]
 10994 | D:9      | Gained mutation: One of your tentacles bears a spike.
                  | [potion of mutation]
 10998 | D:9      | Found a sacrificial altar of Ru.
 11007 | D:9      | Noticed an elephant
 11027 | D:8      | Noticed Psyche
 11032 | D:8      | Killed Psyche
 11074 | D:8      | Noticed Grum
 11081 | D:8      | Killed Grum
 11212 | D:10     | Entered Level 10 of the Dungeon
 11216 | D:10     | Noticed Urug
 11515 | D:9      | Found an iron altar of Okawaru.
 11573 | D:9      | Found a staircase to the Lair.
 11586 | D:9      | Reached skill level 5 in Ice Magic
 11586 | D:9      | Reached skill level 5 in Air Magic
 11834 | D:10     | Noticed a deep elf pyromancer
 12160 | D:8      | Noticed Sigmund
 12170 | D:8      | Killed Sigmund
 12442 | D:8      | Reached skill level 11 in Polearms
 12452 | D:8      | Reached skill level 5 in Hexes
 12692 | D:8      | Reached XP level 11. HP: 61/61 MP: 15/15
 12707 | D:8      | Reached ***** piety under Wu Jian
 13016 | D:9      | Found a staircase to the Orcish Mines.
 13369 | Orc:1    | Entered Level 1 of the Orcish Mines
 13373 | Orc:1    | Noticed an orc high priest
 13661 | Lair:1   | Entered Level 1 of the Lair of Beasts
 13665 | Lair:1   | Noticed a four-headed hydra
 13669 | Lair:1   | Killed a four-headed hydra
 13800 | D:10     | Killed a deep elf pyromancer
 13806 | D:10     | Killed Urug
 14272 | D:10     | Found a broken altar of Ashenzari.
 14308 | D:10     | Noticed a centaur warrior
 14320 | D:10     | Shot with an arrow by a centaur warrior

Illustrated notes

Levels and vault maps discovered:
D:1:      heliophobic_arrival_henge, layout_basic,
          hellmonk_ecumenical_altar_watching_god
D:2:      layout_basic
D:3:      minmay_inner_zag, layout_basic, nzn_wu_jian_council_hall,
          gammafunk_ghost_stat_death, kennysheep_jessica_study, uniq_jessica
D:4:      layout_loops_corners, hellmonk_ghost_happy_afterlife,
          lightli_ossuary_entry_decrepit_ruins, uniq_edmund
D:5:      minmay_clustersquares, layout_loops_ring, tso_metal_star,
          gammafunk_ghost_grave, uniq_blork_the_orc, uniq_eustachio
D:6:      layout_basic
D:7:      layout_loops_ring, minmay_temple_entry_glassed_door
D:8:      erik_cavepeople, layout_layer_cave, uniq_grum, uniq_maggie
D:9:      layout_long_grid, okawaru_ov_weapons_minmay, lemuel_doored_altar,
          david_lair_generic, minmay_orc_entry_temple_small
D:10:     layout_basic, nicolae_ashenzari_panopticon, enter_bailey_7, uniq_urug
Lair:1:   layout_cave_shapes, serial_rivers, chequers_serial_rivers_room_a,
          chequers_serial_rivers_small_3, chequers_serial_rivers_micro_e,
          chequers_serial_rivers_large_b, chequers_serial_rivers_micro_b
Orc:1:    layout_caves, serial_shops, nicolae_shop_hallway_stairs, basic_altar,
          uniq_jorgrun

Skill      XL: |  1  2  3  4  5  6  7  8  9 10 11 |
---------------+----------------------------------+-----
Stealth        | 3 4 5 |  5.0
Dodging        | 3 |  3.5
Spellcasting   | 3 |  3.2
Polearms       | 3 6 9 10 11 | 11.8
Ice Magic      | 3 5 7 |  7.1
Air Magic      | 3 5 7 |  7.0
Hexes          | 3 5 6 |  6.6
Conjurations   | |  4.9

Action                   |  1- 3 |  4- 6 |  7- 9 | 10-12 || total
-------------------------+-------+-------+-------+-------++-------
Melee: Staff             |    45 |   107 |       |       ||   152
       Unarmed           |     6 |       |       |       ||     6
       Constrict         |    12 |    24 |    43 |    38 ||   117
       Tentacles         |     5 |    27 |    47 |    47 ||   126
       Spear             |       |    10 |   208 |   172 ||   390
       Kick              |       |       |       |    58 ||    58
 Cast: Magic Dart        |    32 |    62 |    69 |    36 ||   199
       Searing Ray       |     1 |     1 |    16 |    11 ||    29
       Fulminant Prism   |       |       |     3 |     5 ||     8
       Ensorcelled Hiber |       |       |       |     8 ||     8
       Freezing Cloud    |       |       |       |    12 ||    12
Invok: Lunge             |     5 |    16 |    19 |    19 ||    59
       Whirlwind         |     1 |       |     4 |     7 ||    12
Evoke: Wand              |       |       |       |     5 ||     5
  Use: Scroll            |     1 |     2 |     2 |    13 ||    18
       Potion            |       |     1 |     1 |     2 ||     4
 Stab: Sleeping          |    13 |    10 |     7 |     7 ||    37
Armor: Skin              |     6 |     3 |    43 |    24 ||    76
Dodge: Dodged            |    27 |    70 |    97 |    70 ||   264
Block: Other             |       |    14 |    29 |    15 ||    58
       Reflection        |       |     1 |       |       ||     1

Table legend: (Time is in decaauts)
 A = Elapsed time spent in this place.
 B = Non-inter-level travel time spent in this place.
 C = Inter-level travel time spent in this place.
 D = Time resting spent in this place.
 E = Time spent auto-exploring this place.
 F = Levels seen in this place.
 G = Mean time per level.
                   A        B        C        D        E       F      G
               +--------+--------+--------+--------+--------+-----+--------+
         Total |  14388 |  14105 |    283 |   5031 |   6412 |  13 | 1106.8 |
       Dungeon |  13765 |  13482 |    283 |   4639 |   6343 |  10 | 1376.5 |
          Lair |     23 |     23 |      0 |      2 |      0 |   1 |   23.0 |
  Orcish Mines |      6 |      6 |      0 |      0 |      0 |   1 |    6.0 |
       Ossuary |    592 |    592 |      0 |    390 |     69 |   1 |  592.0 |
               +--------+--------+--------+--------+--------+-----+--------+

Top non-repeatable levels by time:
     D:8: 1891 daAuts
     D:4: 1777 daAuts
     D:9: 1664 daAuts
     D:5: 1519 daAuts
     D:7: 1493 daAuts
     D:6: 1344 daAuts
     D:3: 1170 daAuts
     D:1: 1076 daAuts
     D:2: 1065 daAuts
    D:10: 762 daAuts
 Ossuary: 592 daAuts
  Lair:1: 23 daAuts
   Orc:1: 6 daAuts
